 Seeded DCSS version 0.29.1-13-g9f3cf754e1 (webtiles) character file.

Game seed: 3467139861098030199 (custom seed)

130 tkbsonic5 the Trooper (level 4, -9/41 HPs)
             Began as a Minotaur Fighter on Jan 26, 2023.
             Was an Initiate of Ru.
             Mangled by a gnoll
             ... wielding a +0 halberd
              (10 damage)
             ... on level 3 of the Dungeon.
             The game lasted 00:04:22 (2144 turns).

tkbsonic5 the Trooper (Minotaur Fighter)            Turns: 2144, Time: 00:04:22

Health: -9/41      AC:  9    Str: 23    XL:     4   Next: 90%
Magic:  3/3        EV:  7    Int:  5    God:    Ru [......]
Gold:   152        SH:  4    Dex:  9    Spells: 3/3 levels left

rFire   + . .      SeeInvis .   a - +0 war axe
rCold   . . .      Faith    .   c - +0 buckler
rNeg    . . .      Spirit   .   g - +0 chain mail
rPois   .          Reflect  .   (helmet restricted)
rElec   .          Harm     .   (no cloak)
rCorr   .          Rampage  .   (no gloves)
Will    .....                   (no boots)
Stlth   ..........              (no amulet)
HPRegen 0.13/turn               q - ring of protection from fire
MPRegen 0.08/turn               (no ring)

@: mighty
A: horns 2, retaliatory headbutt
a: Renounce Religion


You were on level 3 of the Dungeon.
You worshipped Ru.
Ru was noncommittal.
You visited 1 branch of the dungeon, and saw 3 of its levels.

You collected 152 gold pieces.

Inventory:

Hand Weapons
 a - a +0 war axe (weapon)
 h - a +2 dagger of venom
Missiles
 f - 6 boomerangs of dispersal
 l - 3 boomerangs (quivered)
Armour
 b - a +0 scale mail
 c - a +0 buckler (worn)
 g - a +0 chain mail (worn)
Jewellery
 q - a ring of protection from fire (left hand)
 s - the ring of Plog {Ice rElec Str+4}
   (You found it on level 3 of the Dungeon)

   [ring of ice]

   It enhances your ice magic.
   Str:       It affects your strength (+4).
   rF:        It makes you vulnerable to fire.
   rC:        It protects you from cold.
   rElec:     It insulates you from electricity.
Scrolls
 i - a scroll of fear
 k - a scroll of vulnerability {unknown}
 m - 4 scrolls of identify {unknown}
 n - a scroll of silence {unknown}
 p - a scroll of teleportation {unknown}
 r - a scroll of brand weapon {unknown}
Potions
 d - a potion of might
 j - a potion of invisibility {unknown}
 o - a potion of lignification {unknown}


   Skills:
 * Level 4.8 Fighting
 * Level 3.9 Axes
 * Level 4.7 Armour
 + Level 4.1 Shields


You had 3 spell levels left.
You didn't know any spells.
Your spell library contained the following spells:

 Spells                   Type           Power      Damage    Failure   Level
 Blink                    Tloc           0%         N/A       100%        2
 Gell's Gravitas          Tloc           0%         N/A       100%        3
 Ignite Poison            Fire/Tmut/Pois 0%         N/A       100%        3
 Mephitic Cloud           Conj/Pois/Air  0%         N/A       100%        3
 Portal Projectile        Hex/Tloc       0%         N/A       100%        3
 Teleport Other           Tloc           0%         N/A       100%        3
 Tukima's Dance           Hex            0%         N/A       100%        3
 Blade Hands              Tmut           0%         N/A       100%        5
 Freezing Cloud           Conj/Ice/Air   0%         6-21      100%        5
 Manifold Assault         Tloc           0%         N/A       100%        5
 Dispersal                Tloc           0%         N/A       100%        6
 Storm Form               Tmut/Air       0%         N/A       100%        7


Dungeon Overview and Level Annotations

Branches:
Dungeon (3/15)

Altars:
Ru

Shops:
D:2 [


Innate Abilities, Weirdness & Mutations

You have a pair of horns on your head.
You reflexively headbutt those who attack you in melee.


Message History

The gnoll shouts!
You throw a boomerang. The boomerang hits the gnoll.
The gnoll is lightly wounded.
A gnoll comes into view. It is wielding a +0 whip.
You throw a boomerang. The boomerang barely misses the gnoll.
The gnoll closely misses you.
You hit the gnoll but do no damage. You headbutt the gnoll!
The gnoll is heavily wounded.
The gnoll hits you from afar with a +0 halberd.
The gnoll hits you with a +0 club.
You hit the gnoll. Your headbutt misses the gnoll.
The gnoll is severely wounded.
The gnoll hits you from afar with a +0 halberd.
The gnoll hits you but does no damage.
You hit the gnoll.
You kill the gnoll!
The gnoll hits you but does no damage. x2
You see here a +0 club.
You barely miss the gnoll.
The gnoll hits you from afar with a +0 halberd.
The gnoll hits you with a +0 whip.
You barely miss the gnoll. You block the gnoll's attack. x2
You barely miss the gnoll. The gnoll hits you but does no damage.
The gnoll hits you from afar with a +0 halberd.
The gnoll completely misses you. The gnoll barely misses you.
You hit the gnoll. You headbutt the gnoll.
The gnoll is severely wounded.
The gnoll hits you from afar with a +0 halberd!
* * * LOW HITPOINT WARNING * * *
The gnoll barely misses you.
You feel better.
The gnoll hits you from afar with a +0 halberd!
* * * LOW HITPOINT WARNING * * *
The gnoll hits you with a +0 whip.
* * * LOW HITPOINT WARNING * * *
You feel very mighty all of a sudden. The gnoll hits you with a +0 whip.
* * * LOW HITPOINT WARNING * * *
The gnoll hits you from afar with a +0 halberd!
You die...

##### #...# #...# #...###
####.....# #.##...#.# #####
#.##...#.## ### #≈§§#
###.###.##..#######..... #._.#
................@gg.# #...#
###.###......######## #####§.≈#
#..#####....## #...#≈.≈#
###..#######..>########<###≈§§#
.........................##..§#
###...########............#...##
#.#.# ##................# #.#)#
##..##.........### #.#.#
#........##..##


You could see 2 gnolls.

Vanquished Creatures
  A jelly (D:3)
  A gnoll (D:3)
  3 adders (D:2)
  5 dart slugs
  5 bats
  An endoplasm (D:3)
  4 giant cockroaches (D:1)
  4 goblins
  4 hobgoblins
  6 quokkas
  3 ball pythons
  6 frilled lizards
  5 kobolds
  7 rats
55 creatures vanquished.

Notes
Turn   | Place    | Note
-------+----------+-------------------------------------------
     0 | D:1      | tkbsonic5 the Minotaur Fighter began the quest for the Orb.
     0 | D:1      | Reached XP level 1. HP: 19/19 MP: 0/0
   116 | D:1      | Reached XP level 2. HP: 27/27 MP: 1/1
   603 | D:1      | Reached XP level 3. HP: 28/33 MP: 2/2
   755 | D:1      | Found a faded altar of an unknown god.
  1262 | D:2      | Found Kateynok's Antique Armour Boutique.
  1594 | D:2      | Reached XP level 4. HP: 41/41 MP: 3/3
  1716 | D:3      | Found a sacrificial altar of Ru.
  1727 | D:3      | Became a worshipper of Ru the Awakened
  1882 | D:3      | Identified the ring of Plog {Ice rElec Str+4}
  2144 | D:3      | HP: 1/41 [gnoll/+0 whip (3)]
  2144 | D:3      | Mangled by a gnoll

Illustrated notes

Levels and vault maps discovered:
D:1:      dpeg_arrival_signposts, layout_rooms,
          shapermc_ecumenical_altar_mp_highgroup
D:2:      layout_loops_cross, serial_shops, shop
D:3:      layout_rooms, pf_just_have_faith, serial_park_tiny_pond

Skill      XL: |  1  2  3 |
---------------+----------+-----
Fighting       | 4 |  4.8
Axes           | 3 |  3.9
Armour         | 4 |  4.7
Shields        | 4 |  4.1

Action                   |  1- 3 |  4- 6 || total
-------------------------+-------+-------++-------
Melee: War axe           |    74 |    27 ||   101
       Headbutt          |     8 |     4 ||    12
Throw: Boomerang         |     3 |     8 ||    11
  Use: Potion            |     6 |     2 ||     8
       Scroll            |     2 |       ||     2
Armor: Scale mail        |    26 |       ||    26
       Chain mail        |    23 |    13 ||    36
Dodge: Dodged            |    46 |    13 ||    59
Block: Buckler           |    20 |     9 ||    29
